 Dungeon Crawl Stone Soup version 0.27-a0-1188-g73eefd5def (webtiles) character file.

Game seed: 15867982432580851656

7 MeekVeins the Skirmisher (level 1, -2/19 HPs)
             Began as a Palentonga Fighter on May 21, 2021.
             Slain by a jackal (3 damage)
             ... on level 1 of the Dungeon.
             The game lasted 00:00:19 (478 turns).

MeekVeins the Skirmisher (Palentonga Fighter)        Turns: 478, Time: 00:00:19

Health: -2/19      AC:  6    Str: 19    XL:     1   Next: 83%
Magic:  1/1        EV:  5    Int:  8    God:
Gold:   32         SH:  8    Dex:  9    Spells: 0/0 levels left

rFire    . . .     SeeInvis +   a - +0 war axe
rCold    . . .     Faith    .   c - +0 kite shield
rNeg     . . .     Spirit   .   b - +0 scale mail
rPois    .         Reflect  .   (no helmet)
rElec    .         Harm     .   (no cloak)
rCorr    .         Rampage  .   (no gloves)
Will     .....                  (no barding)
Stlth    ..........             (no amulet)
HPRegen  0.06/turn              (no ring)
MPRegen  0.07/turn              (no ring)

@: no status effects
A: large, rugged brown scales 3, see invisible, deformed body, roll 1, armoured
tail
a: Rolling Charge


You were on level 1 of the Dungeon.
You visited 1 branch of the dungeon, and saw 1 of its levels.

You collected 32 gold pieces.

Inventory:

Hand Weapons
 a - a +0 war axe (weapon)
Armour
 b - a +0 scale mail (worn)
 c - a +0 kite shield (worn)
Potions
 D - a potion of might


   Skills:
 - Level 3.0 Fighting
 + Level 2.6 Axes
 - Level 2.4 Armour
 - Level 2.4 Shields


You couldn't memorise any spells.
You didn't know any spells.
Your spell library was empty.

Dungeon Overview and Level Annotations

Branches:
Dungeon (1/15)

Altars:


Innate Abilities, Weirdness & Mutations

You are completely covered in rugged brown scales. (AC +3, +7% HP)
You have supernaturally acute eyesight. (SInv)
Armour fits poorly on your strangely shaped body.
You can roll at nearby foes to attack.
You have a long armoured tail.


Message History

The jackal bites you but does no damage.
The jackal closely misses you. You block the jackal's attack.
The jackal bites you but does no damage.
The jackal barely misses you.
You closely miss the jackal. You barely miss the jackal. x2
You block the jackal's attack.
The jackal bites you but does no damage. x5
You hit the jackal but do no damage. You barely miss the jackal. x2
You block the jackal's attack.
The jackal bites you but does no damage.
The jackal bites you.
The jackal bites you but does no damage. x4
The jackal bites you.
You barely miss the jackal.
Your tail-slap misses the jackal.
You hit the jackal. You hit the jackal but do no damage.
You block the jackal's attack. x2; The jackal bites you.
You block the jackal's attack.
The jackal bites you but does no damage. x2
The jackal bites you.
You barely miss the jackal.
The jackal is heavily wounded.
You closely miss the jackal. You completely miss the jackal.
The jackal bites you. x2; You block the jackal's attack.
The jackal bites you. You block the jackal's attack.
The jackal barely misses you.
You are too injured to fight recklessly!
You are too injured to fight recklessly!
You are too injured to fight recklessly!
You are too injured to fight recklessly!
You are too injured to fight recklessly!
You are too injured to fight recklessly!
You are too injured to fight recklessly!
You are too injured to fight recklessly!
The jackal completely misses you. You block the jackal's attack.
A dart slug comes into view.
The jackal bites you.
* * * LOW HITPOINT WARNING * * *
The jackal bites you.
* * * LOW HITPOINT WARNING * * *
The jackal completely misses you.
The jackal bites you but does no damage.
You closely miss the jackal.
The jackal is heavily wounded.
The jackal bites you but does no damage.
You barely miss the jackal. You block the jackal's attack.
Your scale mail prevents you from hitting the jackal.
You hit the dart slug. You block the jackal's attack.
The jackal barely misses you. The dart slug launches a dart at you.
You block the slug dart. The jackal bites you.
You die...

##.......# .>.......
. #.......# .#
#.......##.# #......
... ....#..# #.#
#††#..#.##
#....#####h.$......
......w@hhh.#......
#.....####..##.#.##
#.... #.....# ##
#... #####.##### .
#.# #.....# ## #
#.###.# #.
##.###.############.
#............##.....
#...##.##†##.##.##..


You could see a dart slug and 4 jackals.

Vanquished Creatures
  A bat (D:1)
  A giant cockroach (D:1)
  A frilled lizard (D:1)
  5 rats (D:1)
8 creatures vanquished.

Notes
Turn   | Place    | Note
-------+----------+-------------------------------------------
     0 | D:1      | MeekVeins the Palentonga Fighter began the quest for the
                  | Orb.
     0 | D:1      | Reached XP level 1. HP: 19/19 MP: 1/1
   478 | D:1      | Slain by a jackal

Illustrated notes

Levels and vault maps discovered:
D:1:      dpeg_arrival_three_same_balls, layout_loops_ring

Action                   || total
-------------------------++-------
Melee: War axe           ||    28
Armor: Scale mail        ||    22
Dodge: Dodged            ||    13
Block: Kite shield       ||    25

Table legend: (Time is in decaauts)
 A = Elapsed time spent in this place.
 B = Non-inter-level travel time spent in this place.
 C = Inter-level travel time spent in this place.
 D = Time resting spent in this place.
 E = Time spent auto-exploring this place.
 F = Levels seen in this place.
 G = Mean time per level.
                   A        B        C        D        E       F      G
               +--------+--------+--------+--------+--------+-----+--------+
         Total |    494 |    494 |      0 |      0 |    433 |   1 |  494.0 |
       Dungeon |    494 |    494 |      0 |      0 |    433 |   1 |  494.0 |
               +--------+--------+--------+--------+--------+-----+--------+

Top non-repeatable levels by time:
     D:1: 494 daAuts

Table legend:
 A = Kills in this place as a percentage of kills in entire the game.
 B = Kills by you in this place as a percentage of kills by you in the entire game.
 C = Kills by friends in this place as a percentage of kills by friends in the entire game.
 D = Other kills in this place as a percentage of other kills in the entire game.
 E = Experience gained in this place as a percentage of experience gained in the entire game.
 F = Experience gained in this place divided by the number of levels of this place that you have seen.
                   A       B       C       D       E      F
               +-------+-------+-------+-------+-------+----------------------
         Total | 100.0 | 100.0 |   N/A |   N/A | 100.0 |  10.0
       Dungeon | 100.0 | 100.0 |   N/A |   N/A | 100.0 |  10.0
               +-------+-------+-------+-------+-------+----------------------
